 Dungeon Crawl Stone Soup version 0.28.0-49-g6dfe1f597d (webtiles) character file.

Game seed: 10925294149336168062

59 Cykl0x the Digger (level 4, -2/24 HPs)
             Began as a Gargoyle Earth Elementalist on May 12, 2022.
             Killed from afar by an orc wizard (6 damage)
             ... with a puff of flame
             ... on level 2 of the Dungeon.
             The game lasted 00:02:27 (1874 turns).

Cykl0x the Digger (Gargoyle Earth Elementalist)     Turns: 1874, Time: 00:02:29

Health: -2/24      AC:  5    Str:  9 (11) XL:     4   Next: 3%
Magic:  0/8        EV: 11    Int: 15 (18) God:
Gold:   23         SH:  0    Dex:  8 (10) Spells: 5/9 levels left

rFire   . . .      SeeInvis .   d - +0 club
rCold   . . .      Faith    .   (no shield)
rNeg    + . .      Spirit   .   b - +0 robe
rPois   ∞          Reflect  .   (no helmet)
rElec   +          Harm     .   (no cloak)
rCorr   .          Rampage  .   (no gloves)
Will    .....                   (no boots)
Stlth   ++........              (no amulet)
HPRegen 0.08/turn               (no ring)
MPRegen 0.11/turn               (no ring)

@: no status effects
A: sickness immunity, AC +3, negative energy resistance 1, electricity
resistance, torment resistance 1, petrification resistance
a: no special abilities


You were on level 2 of the Dungeon.
You visited 1 branch of the dungeon, and saw 2 of its levels.

You collected 23 gold pieces.

Inventory:

Hand Weapons
 d - a +0 club (weapon)
Missiles
 c - 27 stones
Armour
 b - a +0 robe (worn)


   Skills:
 + Level 1.6 Dodging
 - Level 2.1 Stealth
 + Level 3.1 Spellcasting
 * Level 1.2 Conjurations
 - Level 0.7 Transmutations
 + Level 4.3 Earth Magic


You had 5 spell levels left.
You knew the following spells:

 Your Spells              Type           Power      Damage    Failure   Level
a - Sandblast             Erth           30%        2d9       3%          1
b - Stone Arrow           Conj/Erth      20%        3d8       19%         3

Your spell library contained the following spells:

 Spells                   Type           Power      Damage    Failure   Level
 Passwall                 Tmut/Erth      7%         N/A       11%         2
 Petrify                  Tmut/Erth      9%         N/A       56%         4


Dungeon Overview and Level Annotations

Branches:
Dungeon (2/15)

Altars:


Innate Abilities, Weirdness & Mutations

You are immune to sickness and miasma.
Your stone body is resilient. (AC +3)
You are immune to poison.
You resist negative energy. (rN+)
You are resistant to electric shocks. (rElec)
You are resistant to unholy torment.
You are immune to petrification.


Message History

Something hits you but does no damage.
You closely miss something. Something hits you but does no damage.
You hear some strange, mumbled words.
A puff of flame appears from out of thin air!
The puff of flame hits you but does no damage.
You miss something. Something hits you but does no damage.
You closely miss something. Something hits you but does no damage.
You hit something but do no damage.
Something hits you but does no damage. x2
Casting: Sandblast (safe; 3% risk of failure)
Confirm with . or Enter, or press ? or * to list all spells.
You can't see any susceptible monsters within range! (Use Z to cast anyway.)
Casting: Sandblast (safe; 3% risk of failure)
Confirm with . or Enter, or press ? or * to list all spells.
Aiming: Sandblast (safe; 3% risk of failure)
Press: ? - help, Shift-Dir - straight line The blast of sand hits something but does no damage.
Something hits you but does no damage.
Unknown command.
Casting: Sandblast (safe; 3% risk of failure)
Confirm with . or Enter, or press ? or * to list all spells.
Aiming: Sandblast (safe; 3% risk of failure)
Press: ? - help, Shift-Dir - straight line The blast of sand hits something!
Something hits you but does no damage.
Unknown command.
You cannot move.
You cannot move.
You cannot move.
You cannot move.
You cannot move.
You cannot move.
You cannot move.
You cannot move.
You cannot move.
You barely miss something.
You feel less wooden.
Your +0 robe unmelds from your body.
You hear some strange, mumbled words.
A puff of flame appears from out of thin air!
The puff of flame hits you.
You die...

... ..>.
##..##### ##
.....>.#
#####.
#......# .....
#......#
#..##......###
#..@{........#
#..###))....#
.... #...)..#
#### ##......#
# #.......# ..
##....##.#
#.##..#### .#
#.#...# #.#
#### #.#..##
#..#####...


There were no monsters in sight!

Vanquished Creatures
  An adder (D:2)
  A worm (D:2)
  3 orcs (D:2)
  3 endoplasms
  A giant cockroach (D:1)
  5 goblins (D:1)
  4 hobgoblins
  4 jackals (D:1)
  4 kobolds
  3 quokkas (D:2)
  4 ball pythons (D:1)
  4 bats (D:1)
  2 frilled lizards
  A rat (D:1)
40 creatures vanquished.

Notes
Turn   | Place    | Note
-------+----------+-------------------------------------------
     0 | D:1      | Cykl0x the Gargoyle Earth Elementalist began the quest for
                  | the Orb.
     0 | D:1      | Reached XP level 1. HP: 10/10 MP: 3/3
   289 | D:1      | Reached skill level 4 in Earth Magic
   289 | D:1      | Reached XP level 2. HP: 15/15 MP: 3/5
   939 | D:1      | Found a faded altar of an unknown god.
   944 | D:1      | Reached XP level 3. HP: 19/19 MP: 2/7
   950 | D:1      | Learned a level 3 spell: Stone Arrow
  1762 | D:2      | Reached skill level 1 in Conjurations
  1817 | D:2      | Identified the +5 spear "Xedioxut" {vorpal, rF- rN+++ Str-4
                  | Dex+6}
  1824 | D:2      | Reached XP level 4. HP: 24/24 MP: 0/8
  1874 | D:2      | Killed from afar by an orc wizard

Illustrated notes

Levels and vault maps discovered:
D:1:      heliophobic_arrival_glass_houses, layout_loops_ring,
          nicolae_ecumenical_snake_handling, minmay_misc_feat_rugged,
          amethyst_killhole
D:2:      layout_rooms

Skill      XL: |  1  2  3 |
---------------+----------+-----
Earth Magic    | 4 |  4.3
Spellcasting   | 3 |  3.1
Conjurations   | 1 |  1.2
Dodging        | |  1.6
Stealth        | |  2.1
Transmutations | |  0.7

Action                   |  1- 3 |  4- 6 || total
-------------------------+-------+-------++-------
Melee: Club              |    17 |    35 ||    52
 Cast: Sandblast         |    45 |     4 ||    49
       Stone Arrow       |     8 |     1 ||     9
  Use: Scroll            |     5 |       ||     5
       Potion            |       |     2 ||     2
Armor: Robe              |    11 |     9 ||    20
       Skin              |       |    30 ||    30
Dodge: Dodged            |    21 |     5 ||    26
